 Dungeon Crawl Stone Soup version 0.25.1-2-g60ff931df9 (webtiles) character file.

Game seed: 5483365575517007781

1013 DogServant the Ruffian (level 8, -19/60 HPs)
             Began as a Formicid Transmuter on Oct 18, 2020.
             Was a Follower of Okawaru.
             Engulfed by a cloud of flame (27 damage)
             ... on level 5 of the Dungeon.
             The game lasted 00:09:02 (6236 turns).

DogServant the Ruffian (Formicid Transmuter)        Turns: 6236, Time: 00:09:03

Health: -19/60     AC:  5    Str: 16    XL:     8   Next: 45%
Magic:  5/11       EV: 12    Int: 13    God:    Okawaru [*.....]
Gold:   295        SH:  0    Dex: 12    Spells: 1/11 levels left

rFire    . . .     SeeInvis +   e - +0 spear
rCold    . . .     Gourm    .   (no shield)
rNeg     . . .     Faith    .   m - +1 leather armour
rPois    .         Spirit   .   (helmet unavailable)
rElec    .         Reflect  .   (no cloak)
rCorr    .         Harm     .   g - +0 pair of gloves
MR       .....                  (boots currently unavailable)
Stlth    +.........             (no amulet)
HPRegen  0.20/turn              (no ring)
MPRegen  0.12/turn              (no ring)

@: appendage (expiring)
A: permanent stasis, dig shafts and tunnels, four strong arms, antennae 3,
talons 3
a: Dig, Shaft Self, End Transformation, Heroism, Renounce Religion


You were on level 5 of the Dungeon.
You worshipped Okawaru.
Okawaru was aware of your devotion.
You were not hungry.
You had grown temporary talons.
You visited 1 branch of the dungeon, and saw 5 of its levels.

You collected 295 gold pieces.

Inventory:

Hand Weapons
 e - a +0 spear (weapon)
 o - a +0 dagger of freezing
Missiles
 a - 115 arrows
 c - 30 poisoned darts (quivered)
Armour
 b - a +0 robe
 g - a +0 pair of gloves (worn)
 j - a +2 ring mail of poison resistance
 m - a +1 leather armour (worn)
 u - a +0 pair of boots
Wands
 f - a wand of polymorph (1)
 s - a wand of random effects (9)
 x - a wand of iceblast (8)
Scrolls
 k - a scroll of identify
 l - a scroll of amnesia
 p - a scroll of immolation
 r - a scroll of fear {unknown}
 t - a scroll of magic mapping {unknown}
 w - a scroll of teleportation {unknown}
Potions
 i - 2 potions of curing
 n - 3 potions of heal wounds
 q - 2 potions of flight {unknown}
Comestibles
 d - 10 rations
 v - 6 chunks of flesh


   Skills:
 + Level 3.7 Fighting
 - Level 2.0 Armour
 - Level 1.7 Dodging
 + Level 6.2 Unarmed Combat
 - Level 2.1 Spellcasting
 + Level 6.0 Transmutations
 - Level 4.4 Poison Magic


You had one spell level left.
You knew the following spells:

 Your Spells              Type           Power        Failure   Level  Hunger
a - Beastly Appendage     Tmut           ###...       2%          1    ##.....
b - Spider Form           Tmut/Pois      ##........   11%         3    ####...
c - Sticks to Snakes      Tmut           ###.....     4%          2    ###....
d - Ice Form              Ice/Tmut       #.......     65%         4    #####..

Your spell library contained the following spells:

 Spells                   Type           Power        Failure   Level  Hunger
 Blade Hands              Tmut           ###.......   58%         5    ######.


Dungeon Overview and Level Annotations

Branches:
Dungeon (5/15)
 Temple: D:4-7

Altars:
Elyvilon
Hepliaklqana
Kikubaaqudgha
Okawaru
Qazlal
Zin


Innate Abilities, Weirdness & Mutations

You cannot be hasted, slowed, berserked, paralysed or teleported.
You can dig through walls and to a lower floor.
Your four strong arms can wield two-handed weapons with a shield.
You have a pair of large antennae on your head. (SInv)
You have claws for feet.


Message History

The ice beast melts!
The ice beast explodes!
The fiery explosion engulfs Sigmund!!
Sigmund explodes!
Okawaru accepts your kill.
You can now gain great but temporary skills.
Your Fighting skill increases to level 3!
Your Unarmed Combat skill increases to level 6!
Okawaru accepts your kill. The crimson imp hits you.
You hit the crimson imp.
Flame seeps out of the crimson imp.
You claw the crimson imp!
The crimson imp explodes!
The fiery explosion engulfs you!!!
Ouch! That really hurt!
* * * LOW HITPOINT WARNING * * *
Okawaru accepts your kill.
Your Transmutations skill increases to level 6!
You are engulfed in blazing flames.
You die...

....... ....Z.. .. ....... ..
....... . #...§§§ .# .
#...§§°####.##.........
#...§§§§§.............
#§○§.............
##@§...##...... ##.....##..... .
###. ##......#....# .## #...##
#........#...# #..## ........#
####.......#..#.##.....
........###.##..................
#......##.........#.............
..................#..........#..
.............................# .


You could see a rat zombie.

Vanquished Creatures
  Sigmund (D:5)
  A human (D:4)
  An ice beast (D:5)
  A phantom (D:4)
  A centaur (D:5)
  A scorpion (D:3)
  A howler monkey (D:4)
  A crimson imp (D:5)
  2 orc wizards
  Jessica (D:3)
  A centaur skeleton (D:4)
  Natasha (thrice) (D:2)
  A worker ant (D:3)
  5 adders
  An adder skeleton (D:5)
  3 worms
  2 dart slugs (D:1)
  A leopard gecko (D:2)
  7 orcs
  3 ball pythons (D:2)
  6 bats
  2 giant cockroaches (D:2)
  9 goblins
  5 hobgoblins
  4 frilled lizards
  A jackal skeleton (D:4)
  12 kobolds
  6 rats
83 creatures vanquished.

Vanquished Creatures (collateral kills)
  A hound (D:5)
  An orc priest (D:5)
  An orc (D:5)
3 creatures vanquished.

Grand Total: 86 creatures vanquished

Notes
Turn   | Place    | Note
-------+----------+-------------------------------------------
     0 | D:1      | DogServant the Formicid Transmuter began the quest for the
                  | Orb.
     0 | D:1      | Reached XP level 1. HP: 15/15 MP: 3/3
   203 | D:1      | Reached XP level 2. HP: 18/21 MP: 3/5
   673 | D:1      | Reached XP level 3. HP: 20/27 MP: 4/6
  1397 | D:2      | Found a white marble altar of Elyvilon.
  1513 | D:2      | Found a stormy altar of Qazlal.
  1574 | D:2      | Noticed Natasha
  1588 | D:2      | Killed Natasha
  1588 | D:2      | Reached XP level 4. HP: 10/33 MP: 7/7
  1984 | D:2      | Learned a level 3 spell: Spider Form
  2087 | D:2      | Reached skill level 1 in Armour
  2156 | D:2      | Found a glowing silver altar of Zin.
  2188 | D:2      | Noticed Natasha
  2203 | D:2      | Killed Natasha
  2493 | D:2      | Noticed Natasha
  2508 | D:2      | Killed Natasha
  2508 | D:2      | Reached XP level 5. HP: 22/38 MP: 8/8
  3062 | D:3      | Reached skill level 1 in Poison Magic
  3337 | D:3      | Learned a level 2 spell: Sticks to Snakes
  3516 | D:3      | Reached XP level 6. HP: 30/44 MP: 9/9
  3652 | D:3      | Noticed an ogre
  3655 | D:3      | an ogre changed into a scorpion
  3755 | D:3      | Found an iron altar of Okawaru.
  3755 | D:3      | Found an ancient bone altar of Kikubaaqudgha.
  3764 | D:3      | Became a worshipper of Warmaster Okawaru
  3809 | D:3      | Noticed Jessica
  3816 | D:3      | Killed Jessica
  4243 | D:3      | Found a hazy altar of Hepliaklqana.
  4640 | D:4      | Noticed a phantom
  4669 | D:4      | Reached skill level 5 in Unarmed Combat
  4716 | D:4      | Killed a phantom
  4716 | D:4      | Reached XP level 7. HP: 31/50 MP: 5/10
  5337 | D:4      | Noticed a human
  5337 | D:4      | an ogre changed into a human
  5355 | D:4      | Killed a human
  5555 | D:5      | Entered Level 5 of the Dungeon
  5574 | D:5      | Reached skill level 5 in Transmutations
  5690 | D:5      | Learned a level 4 spell: Ice Form
  5841 | D:5      | Reached * piety under Okawaru
  5841 | D:5      | Reached XP level 8. HP: 24/57 MP: 11/11
  6225 | D:5      | Noticed Sigmund
  6235 | D:5      | Killed Sigmund
  6236 | D:5      | Engulfed by a cloud of flame

Illustrated notes

Levels and vault maps discovered:
D:1:      nzn_arrival_water_spiral, layout_basic
D:2:      layout_loops_corners, nicolae_overflow_hidden_temple, zin_statuary,
          lemuel_round_altar, uniq_natasha
D:3:      layout_loops_ring, marbit_many_paths, grunt_temple_overflow_open,
          first_ration, uniq_jessica
D:4:      corexii_shack_village, layout_loops_ring, moated_statue
D:5:      layout_cave_pools, ashenzari_altar_1, enter_ossuary_3,
          serial_bayou_pond_d, uniq_sigmund

Skill      XL: |  1  2  3  4  5  6  7  8 |
---------------+-------------------------+-----
Fighting       | 2 3 |  3.7
Unarmed Combat | 4 5 6 |  6.2
Armour         | 1 2 |  2.0
Transmutations | 3 4 5 6 |  6.0
Poison Magic   | 1 3 4 |  4.4
Dodging        | |  1.7
Spellcasting   | |  2.1

Action                   |  1- 3 |  4- 6 |  7- 9 || total
-------------------------+-------+-------+-------++-------
Melee: Unarmed           |    20 |       |       ||    20
       Spear             |    79 |   191 |    99 ||   369
       Kick              |    14 |    35 |    17 ||    66
       Punch             |       |     4 |     4 ||     8
Throw: Dart              |       |       |     1 ||     1
 Cast: Beastly Appendage |    18 |    21 |    10 ||    49
       Sticks to Snakes  |       |     5 |     6 ||    11
Evoke: Wand              |       |     3 |     2 ||     5
  Use: Scroll            |       |     3 |     3 ||     6
       Potion            |       |     2 |       ||     2
  Eat: Chunk             |     3 |    10 |     6 ||    19
Armor: Robe              |     8 |       |       ||     8
       Leather armour    |     7 |    23 |    17 ||    47
       Skin              |       |    18 |       ||    18
Dodge: Dodged            |    48 |    81 |    64 ||   193
